 Dungeon Crawl Stone Soup version 0.18.1-8-gdd0e5ea (webtiles) character file.

1433 protoss039 the Ruffian (level 8, -7/78 HPs)
             Began as a Troll Fighter on June 11, 2016.
             Mangled by an orc warrior
             ... wielding a +0 dire flail
              (25 damage)
             ... on level 5 of the Dungeon.
             The game lasted 00:16:36 (4404 turns).

protoss039 the Ruffian (Troll Fighter)              Turns: 4404, Time: 00:16:36

Health: -7/78      AC:  6    Str: 27    XL:     8   Next: 45%
Magic:  7/7        EV: 11    Int: 10    God:
Gold:   286        SH:  0    Dex:  9    Spells: 0 memorised, 7 levels left

rFire  . . .     SeeInvis .       - Unarmed
rCold  . . .     Gourm    +     a - +1 robe
rNeg   . . .     Faith    .     (no shield)
rPois  .         Spirit   .     (helmet restricted)
rElec  .         Dismiss  .     (no cloak)
rCorr  .         Reflect  .     (gloves unavailable)
SustAt .         Harm     .     (boots unavailable)
MR     .....                    (no amulet)
Stlth  +.........               (no ring)
                                y - +6 ring of intelligence

@: not resistant to hostile enchantments, very unstealthy
A: unfitting armour, claws 3, fast metabolism 3, gourmand, regeneration 2,
shaggy fur 1, tough skin 2
a: no special abilities


You were on level 5 of the Dungeon.
You were very full.

You visited 1 branch of the dungeon, and saw 6 of its levels.
You also visited: Sewer.

You collected 286 gold pieces.

Inventory:

Missiles
 s - 5 large rocks (quivered)
Armour
 a - a +1 robe (worn)
 b - a +0 shield
Jewellery
 y - a +6 ring of intelligence (left claw)
Wands
 q - a wand of flame (11/48)
Scrolls
 g - 2 scrolls of identify
 j - 5 scrolls of remove curse {unknown}
 k - 3 scrolls of random uselessness {unknown}
 n - 4 scrolls of enchant weapon {unknown}
 r - 4 scrolls of recharging {unknown}
 x - a scroll of blinking {unknown}
 z - a scroll of amnesia {unknown}
 A - a scroll of fog {unknown}
Potions
 c - a potion of might
 e - 2 potions of cure mutation
 l - 2 potions of haste
 p - 3 potions of curing
 t - a potion of magic
Books
 u - a book of Battle

   Spells                             Type                      Level
   a - Infusion                       Charms                       1
   b - Shroud of Golubria             Charms/Translocation         2
   c - Song of Slaying                Charms                       2
   d - Spectral Weapon                Hexes/Charms                 3
   e - Regeneration                   Charms/Necromancy            3
Comestibles
 d - 8 bread rations
 f - a meat ration
 h - 2 chunks of flesh
 o - a royal jelly


   Skills:
 + Level 4.2 Fighting
 * Level 2.4 Throwing
 + Level 5.4 Dodging
 - Level 0.1 Stealth
 + Level 2.7 Shields
 * Level 7.1 Unarmed Combat


You had 7 spell levels left.
You didn't know any spells.

Dungeon Overview and Level Annotations

Branches:
Dungeon (6/15)
 Temple: D:4-7

Altars:
Cheibriados
Makhleb
Sif Muna


Innate Abilities, Weirdness & Mutations

You are too large for most types of armour.
You have claws for hands.
Your metabolism is lightning-fast.
You like to eat raw meat.
You heal very quickly.
You are covered in fur (AC +1).
You have very tough skin (AC +2).


Message History

You feel much better.
The orc warrior hits you with a dire flail!
* * * LOW HITPOINT WARNING * * *
The orc warrior barely misses you.
There is a stone staircase leading up here.
You feel yourself speed up. The orc warrior misses you.
Things that are here:
a hand axe; a dagger; a robe
There is a stone staircase leading up here.
The orc warrior hits you with a dire flail!
* * * LOW HITPOINT WARNING * * *
You climb upwards.
There is a stone staircase leading down here.
You see here a potion of degeneration.
Unknown command.
There is a stone staircase leading down here.
You see here a potion of degeneration.
The orc warrior hits you with a dire flail!!
You die...

###### #########
.....##############.......######
.....#.....#......#.......#....#
.....#.....#......#.......#....#
.....#.....#......#.......#....#
.....'.....######'#.......#....#
.....#.<...##...@.#.......##'####
..>..#...........o#.............#
.....#............#.............#
.....#.....##.....'.............#
...###.....##.....#.............#
...#.......##.....#.............#
...#.......>......#.......#'###..
...#..............#.......#...#..
...#..............'.......#...#..


You could see an orc warrior.

Vanquished Creatures
  The ghost of Kilrog the Covered, a novice GrFi of Okawaru (D:5)
  Duvessa (D:4)
  An ice beast (D:5)
  2 ogres (D:4)
  2 giant frogs (Sewer)
  Dowan (D:4)
  A scorpion (D:5)
  A giant frog skeleton (D:5)
  An iguana (D:5)
  4 orc wizards
  Ijyb (D:3)
  Natasha (twice) (D:4)
  4 worker ants
  A hound skeleton (D:4)
  A worker ant zombie (D:5)
  6 adders
  A river rat (D:3)
  10 oozes (Sewer)
  An adder zombie (D:5)
  2 worms
  11 giant geckos
  4 orcs
  15 giant cockroaches
  3 goblins (D:1)
  8 hobgoblins
  9 jackals
  11 ball pythons
  7 bats
  11 giant newts
  9 kobolds
  A quokka skeleton (D:4)
  9 rats
142 creatures vanquished.

Notes
Turn   | Place    | Note
--------------------------------------------------------------
     0 | D:1      | protoss039 the Troll Fighter began the quest for the Orb.
     0 | D:1      | Reached XP level 1. HP: 22/22 MP: 0/0
   208 | D:1      | Reached XP level 2. HP: 29/29 MP: 1/1
   457 | D:1      | Reached XP level 3. HP: 36/36 MP: 2/2
  1059 | D:2      | Reached XP level 4. HP: 44/44 MP: 3/3
  1281 | D:2      | Found a snail-covered altar of Cheibriados.
  1493 | D:3      | Reached skill level 3 in Unarmed Combat
  1781 | D:3      | Noticed Ijyb
  1791 | D:3      | Killed Ijyb
  1956 | D:3      | Found a glowing drain.
  1968 | Sewer    | Entered a sewer
  1969 | Sewer    | Reached XP level 5. HP: 46/52 MP: 4/4
  2259 | Sewer    | Reached skill level 4 in Unarmed Combat
  2259 | Sewer    | Reached XP level 6. HP: 27/61 MP: 5/5
  2265 | Sewer    | HP: 3/61 [ooze (2)]
  2751 | D:4      | Reached XP level 7. HP: 67/67 MP: 6/6
  2907 | D:4      | Noticed Dowan
  2909 | D:4      | Noticed Duvessa
  2923 | D:4      | Killed Duvessa
  2923 | D:4      | Reached skill level 1 in Throwing
  2923 | D:4      | Reached skill level 5 in Unarmed Combat
  2924 | D:4      | Killed Dowan
  3305 | D:4      | Noticed Natasha
  3314 | D:4      | Killed Natasha
  3479 | D:4      | Noticed Natasha
  3484 | D:4      | Killed Natasha
  3484 | D:4      | Reached skill level 5 in Dodging
  3594 | D:5      | Entered Level 5 of the Dungeon
  3676 | D:5      | Reached skill level 6 in Unarmed Combat
  3708 | D:5      | Noticed Kilrog's ghost (novice GrFi)
  3712 | D:5      | Killed Kilrog's ghost
  3712 | D:5      | Reached XP level 8. HP: 62/78 MP: 7/7
  3770 | D:5      | Found a deep blue altar of Sif Muna.
  3979 | D:5      | Found a burning altar of Makhleb.
  3979 | D:5      | Noticed a cacodemon
  3982 | D:5      | Noticed a hellwing
  3982 | D:5      | Noticed an orange demon
  4360 | D:6      | Reached skill level 7 in Unarmed Combat
  4376 | D:6      | HP: 2/78 [orc warrior/dire flail (15)]
  4404 | D:5      | Mangled by an orc warrior

Skill      XL: |  1  2  3  4  5  6  7  8 |
---------------+-------------------------+-----
Dodging        | 3 4 5 |  5.4
Unarmed Combat | 3 4 6 7 |  7.1
Fighting       | 3 4 |  4.2
Throwing       | 2 |  2.4
Stealth        | |  0.1
Shields        | |  2.7

Action                   |  1- 3 |  4- 6 |  7- 9 || total
-------------------------+-------+-------+-------++-------
Melee: Unarmed           |   107 |   221 |   107 ||   435
       Punch             |       |       |     1 ||     1
  Use: Scroll            |       |       |     8 ||     8
       Potion            |       |       |     1 ||     1
 Stab: Sleeping          |       |     1 |       ||     1
  Eat: Chunk             |    15 |    17 |    13 ||    45
Armor: Robe              |    45 |   118 |    27 ||   190
Dodge: Dodged            |    41 |   171 |    37 ||   249
Block: Shield            |    33 |       |       ||    33
